CorruptionSegfaultFreeze, neutral female scurrid Tourist }}}}}}}}}}}}}}}}}}}}}}}}}}}}}}}}}}}}}}}}}}}}}}}}}}}}}}}}}}}}} }}}}.}}}}}}}}}}}}}}}}}}}}}}}}}}}}}}}}}}}}.}}}}}}} #.}}}}}}}}}}}}}}}}}}}} .}}}}}}}}.}}}.. }}}}}}}}}}..}}}}..#<}}}}}}...# #..}}}}}.`.}}}}}.....# ... #......}}}}^.# .}}.}}}.}}...}}}}}.# .>. .....} #.}}}}.`...} }}}}.# }}}}}}}}}}..# ..I # }}}}}}}}}}#.}}}}}}}}..} }}%.... .}}}}}}}}}}}}}} }}}# }}}}}}}}}} # ..... }..}}}}}}}%}.}}}}}} }}}} }}}}}}}}}}}} # #}}}}}}}}}}}....}}}}}} }}# # }...}}}}}}} ..}}}}}}}}}}}.#...}}}}} .# # ...}}}}}}}}} }}}}}....}}}}}}}. .}}.}}}}} } # .}}}}}.# }}}}}}}}}}. #..}}}} }}}}}}}}.. }. # }}}.... }.}..}}}}}}} #.....}} }}}}}}}..#.} # }.}}}}}. #.}..*}.. #.#.}} }}.}}}}}}} .. }}}}.?# }..}}}.. }}} }}...}}}}}} }} ...# }}}}}..}} .}} }}`.#..}}}}} }} .. }}}}}}} }}} }}}}} }.}}}}}} }}} }}}}} }}}} }}}}}} }}}}}}}} }}} CorruptionSegfaultFreeze the Rambler Experience level: 1 Strength: 12 Dexterity: 10 Constitution: 14 Intelligence: 14 Wisdom: 9 Charisma: 16 Health: 0(9) Energy: 2(2) Def: 0 Gold: 751 Moves: 68 Dungeon seed: Ov2cgbhz8c638Htk Game ID: CorruptionSegfaultFreeze_1498581960 Your Inventory: Coins $ - 751 gold pieces Weapons a - 54 uncursed +2 darts (in quiver) Armor e - an uncursed +0 Hawaiian shirt (being worn) Comestibles b - 5 uncursed food rations c - an uncursed tripe ration d - an uncursed banana f - 2 uncursed chestnuts g - an uncursed tin of spinach h - an uncursed cream pie i - an uncursed fortune cookie Scrolls k - 3 uncursed scrolls of magic mapping Potions j - 2 uncursed potions of extra healing Wands o - an uncursed wand of secret door detection (0:14) Tools m - an uncursed expensive camera (0:32) n - an uncursed credit card p - an uncursed towel (being worn) Spells and supernatural/magical abilities: Name Level Category Fail Memory W - pray for help -- divine ? -- Your skills at the end: Miscellaneous Skills wands [Basic] Weapon Skills dart [Basic] Spellcasting Skills Final Attributes: You were devoutly aligned. You had infravision. You were very stealthy. You are dead. Voluntary challenges: You went without food. You did not cause conflict. You were not invisible. You did not have reflection. You were not displaced. You were an atheist. You never hit with a wielded weapon. You were a pacifist. You did not use tools. You did not use plumbed fixtures. You did not drink any magical draughts. You read items or engraved 1 time, starting on turn 61. You never genocided any monsters. You never polymorphed an object. You never changed form. You used no wishes. You never split a pudding. You never wrote Elbereth's name. You never violated your personal moral code. Dungeon overview: The Dungeons of Doom: levels 1 to 25 Level 1 a long staircase Level 2 Level 3 Level 4 Level 5 Level 6 Level 7 Level 8 Level 9 Level 10 Level 11 Level 12 Level 13 a temple to The Lady Level 14 Level 15 Level 16 Level 17 Level 18 Level 19 a fountain Level 20 Level 21 Level 22 Level 23 Level 24 <- You were here many trees Level 25 History has recorded: On T:1 you entered the Dungeons of Doom to retrieve the Amulet of Yendor! On T:4 you reached level 2 of The Dungeons of Doom. On T:7 you reached level 3 of The Dungeons of Doom. On T:9 you reached level 4 of The Dungeons of Doom. On T:11 you reached level 5 of The Dungeons of Doom. On T:13 you reached level 6 of The Dungeons of Doom. On T:16 you reached level 7 of The Dungeons of Doom. On T:18 you reached level 8 of The Dungeons of Doom. On T:20 you reached level 9 of The Dungeons of Doom. On T:22 you reached level 10 of The Dungeons of Doom. On T:25 you reached level 11 of The Dungeons of Doom. On T:27 you reached level 12 of The Dungeons of Doom. On T:29 you reached level 13 of The Dungeons of Doom. On T:31 you reached level 14 of The Dungeons of Doom. On T:34 you reached level 15 of The Dungeons of Doom. On T:36 you reached level 16 of The Dungeons of Doom. On T:41 you reached level 17 of The Dungeons of Doom. On T:43 you reached level 18 of The Dungeons of Doom. On T:43 you entered the Rogue tribute level. On T:46 you reached level 19 of The Dungeons of Doom. On T:48 you reached level 20 of The Dungeons of Doom. On T:50 you reached level 21 of The Dungeons of Doom. On T:52 you reached level 22 of The Dungeons of Doom. On T:55 you reached level 23 of The Dungeons of Doom. On T:57 you reached level 24 of The Dungeons of Doom. On T:60 you reached level 25 of The Dungeons of Doom. Score breakdown: Gold: 0 ( 0 points) Experience: 1 level ( 0 points) Exploration: 25 levels ( 720 points) Discoveries: 1 item ( 50 points) Variety of kills: 0 monsters ( 0 points) Major goal: (nothing yet) ( 0 points) Survival: died (score multiplied by 3) Total score: 2310 Latest messages: You dig a hole through the floor. You fall through... You start digging downward. You continue digging downward. You dig a pit in the floor. You continue digging downward. You dig a hole through the floor. You fall through... As you read the scroll, it disappears. A map coalesces in your mind! You start chewing a hole in the rock. You continue digging. You make an opening in the wall. You start chewing a hole in the rock. You continue digging. You make an opening in the wall. You are now wearing a towel around your head. You can't see any more. You sense a monster nearby! Something punches you! (2x) You die... Final status: Aloha CorruptionSegfaultFreeze the Tourist, killed by Medusa... You died in The Dungeons of Doom on dungeon level 24 with 2310 points, and 751 pieces of gold, after 68 moves. You were level 1 with a maximum of 9 hit points when you died.